| TOP OF THE 1ST |
|
Peninsula Panthers batting - Pitching for Winston-Salem Spirits : LHP Michael Smith
|
|
Pitching: LHP Michael Smith
|
|
|
Batting: SHB Vince Coleman
|
0-0: Ball 1-0: Ground out 5-3 (Groundball, 56S, EV 68.8 MPH)
|
|
Batting: RHB Dan Cox
|
0-0: Ground out 1-3 (Groundball, P, EV 66.9 MPH)
|
|
Batting: SHB Steven Malito
|
0-0: Ball 1-0: Ball 2-0: Ball 3-0: Called Strike 3-1: Base on Balls
|
|
Batting: RHB David Stokes
|
0-0: Hit by Pitch Steven Malito to second
|
|
Batting: RHB Lawrence McGee
|
0-0: Called Strike 0-1: Foul Ball, location: 2F 0-2: Ball 1-2: Ground out U3 (Groundball, 3, EV 82.5 MPH)
|
| Top of the 1st over - 0 runs, 0 hits, 0 errors, 2 left on base; Peninsula 0 - Winston-Salem 0 |
| BOTTOM OF THE 1ST |
|
Winston-Salem Spirits batting - Pitching for Peninsula Panthers : RHP Oil Can Boyd
|
|
Pitching: RHP Oil Can Boyd
|
|
|
Batting: SHB Frank Diaz
|
0-0: Ball 1-0: Ball 2-0: Called Strike 2-1: Fly out, F8 (Flyball, 8LD, EV 102.5 MPH)
|
|
Batting: SHB Jim Thomas
|
0-0: Ball 1-0: Ball 2-0: Fly out, F8 (Flyball, 8RD, EV 101.3 MPH)
|
|
Batting: SHB Danny Montero
|
0-0: Ball 1-0: Foul Ball, location: 2F 1-1: Foul Ball, location: 2F 1-2: Ball 2-2: Foul Ball, location: 2F 2-2: Strikes out swinging
|
| Bottom of the 1st over - 0 runs, 0 hits, 0 errors, 0 left on base; Peninsula 0 - Winston-Salem 0 |
| TOP OF THE 2ND |
|
Peninsula Panthers batting - Pitching for Winston-Salem Spirits : LHP Michael Smith
|
|
Batting: SHB Romel Beck
|
0-0: Ball 1-0: Ball 2-0: Foul Ball, location: 2F 2-1: TRIPLE (Flyball, 78XD, EV 106.9 MPH)
|
|
Batting: LHB Randy Harvey
|
0-0: Called Strike 0-1: Ball 1-1: Ball 2-1: Ground out 3-1 (Groundball, 34, EV 81.9 MPH) Romel Beck scores
|
|
Batting: RHB David Stevens
|
0-0: Called Strike 0-1: Foul Ball, location: 2F 0-2: Ball 1-2: SINGLE (Groundball, 6MD, EV 111.3 MPH)
|
|
Batting: RHB Franklin McKinney
|
0-0: Foul Ball, location: 2F 0-1: Fielders Choice at 2nd, 1-6 (Groundball, 13S, EV 69.4 MPH)
|
|
Batting: SHB Vince Coleman
|
0-0: Ball 1-0: Foul Ball, location: 2F 1-1: Fielders Choice at 2nd, 6-4 (Groundball, 6, EV 106.3 MPH)
|
| Top of the 2nd over - 1 run, 2 hits, 0 errors, 1 left on base; Peninsula 1 - Winston-Salem 0 |
| BOTTOM OF THE 2ND |
|
Winston-Salem Spirits batting - Pitching for Peninsula Panthers : RHP Oil Can Boyd
|
|
Batting: RHB Jeffrey Smith
|
0-0: Ground out 6-3 (Groundball, 6S, EV 71.9 MPH)
|
|
Batting: RHB Larry Reasonover
|
0-0: Ball 1-0: Foul Ball, location: 2F 1-1: Ball 2-1: Ball 3-1: Ground out 6-3 (Groundball, 56, EV 93.1 MPH)
|
|
Batting: RHB Brad Fischer
|
0-0: Ball 1-0: Ground out 4-3 (Groundball, 4, EV 107.5 MPH)
|
| Bottom of the 2nd over - 0 runs, 0 hits, 0 errors, 0 left on base; Peninsula 1 - Winston-Salem 0 |
| TOP OF THE 3RD |
|
Peninsula Panthers batting - Pitching for Winston-Salem Spirits : LHP Michael Smith
|
|
Batting: RHB Dan Cox
|
0-0: Ground out 2-3 (Groundball, 13S, EV 68.1 MPH)
|
|
Batting: SHB Steven Malito
|
0-0: Ball 1-0: Ball 2-0: Foul Ball, location: 2F 2-1: Foul Ball, location: 2F 2-2: Foul Ball, location: 2F 2-2: Foul Ball, location: 2F 2-2: Foul Ball, location: 2F 2-2: Ball 3-2: Foul Ball, location: 2F 3-2: Fly out, F7 (Flyball, 7, EV 98.1 MPH)
|
|
Batting: RHB David Stokes
|
0-0: Called Strike 0-1: Ground out 6-3 (Groundball, 6, EV 103.8 MPH)
|
| Top of the 3rd over - 0 runs, 0 hits, 0 errors, 0 left on base; Peninsula 1 - Winston-Salem 0 |
| BOTTOM OF THE 3RD |
|
Winston-Salem Spirits batting - Pitching for Peninsula Panthers : RHP Oil Can Boyd
|
|
Batting: RHB Ell Roberson
|
0-0: Ball 1-0: Foul Ball, location: 2F 1-1: Foul Ball, location: 2F 1-2: Ground out U3 (Groundball, 3S, EV 86.9 MPH)
|
|
Batting: RHB Venson Davis
|
0-0: Ball 1-0: Ground out 2-3 (Groundball, 2L, EV 74.4 MPH)
|
|
Batting: RHB Kelly Miller
|
0-0: Ground out 5-3 (Groundball, 56, EV 90.6 MPH)
|
| Bottom of the 3rd over - 0 runs, 0 hits, 0 errors, 0 left on base; Peninsula 1 - Winston-Salem 0 |
| TOP OF THE 4TH |
|
Peninsula Panthers batting - Pitching for Winston-Salem Spirits : LHP Michael Smith
|
|
Batting: RHB Lawrence McGee
|
0-0: Ball 1-0: Swinging Strike 1-1: Fly out, F9 (Flyball, 9S, EV 88.8 MPH)
|
|
Batting: SHB Romel Beck
|
0-0: Called Strike 0-1: Reached on error, E4 (Groundball, P, EV 90.6 MPH)
|
|
Batting: LHB Randy Harvey
|
0-0: Called Strike 0-1: Swinging Strike 0-2: SINGLE (Line Drive, 8LS, EV 96.3 MPH) Romel Beck to third Runner from 3rd tries for Home, SAFE, throw by CF to home Randy Harvey to second
|
|
Batting: RHB David Stevens
|
0-0: Fly out, F7 (Flyball, 78S, EV 83.8 MPH)
|
|
Batting: RHB Franklin McKinney
|
0-0: Fly out, F8 (Flyball, 8RD, EV 101.9 MPH)
|
| Top of the 4th over - 1 run, 1 hit, 1 error, 1 left on base; Peninsula 2 - Winston-Salem 0 |
| BOTTOM OF THE 4TH |
|
Winston-Salem Spirits batting - Pitching for Peninsula Panthers : RHP Oil Can Boyd
|
|
Batting: SHB Frank Diaz
|
0-0: Ball 1-0: Foul Ball, location: 2F 1-1: Ball 2-1: Foul Ball, location: 2F 2-2: Fly out, F8 (Flyball, 8LS, EV 86.9 MPH)
|
|
Batting: SHB Jim Thomas
|
0-0: Foul Ball, location: 2F 0-1: SINGLE (Line Drive, 9LS, EV 109.4 MPH)
|
|
Batting: SHB Danny Montero
|
0-0: Foul Ball, location: 2F 0-1: Foul Ball, location: 2F 0-2: Ball 1-2: Foul Ball, location: 2F 1-2: Strikes out swinging
|
|
Batting: RHB Jeffrey Smith
|
0-0: Called Strike 0-1: Ball 1-1: Ball 2-1: Foul Ball, location: 2F 2-2: Foul Ball, location: 2F 2-2: Foul Ball, location: 2F 2-2: Ball 3-2: Foul Ball, location: 2F 3-2: Base on Balls Jim Thomas to second
|
|
Batting: RHB Larry Reasonover
|
0-0: Ball 1-0: Fly out, F9 (Flyball, 9D, EV 103.1 MPH)
|
| Bottom of the 4th over - 0 runs, 1 hit, 0 errors, 2 left on base; Peninsula 2 - Winston-Salem 0 |
| TOP OF THE 5TH |
|
Peninsula Panthers batting - Pitching for Winston-Salem Spirits : LHP Michael Smith
|
|
Batting: SHB Vince Coleman
|
0-0: Ball 1-0: Called Strike 1-1: Called Strike 1-2: Strikes out looking
|
|
Batting: RHB Dan Cox
|
0-0: Ball 1-0: Fly out, F8 (Flyball, 8LM, EV 90.0 MPH)
|
|
Batting: SHB Steven Malito
|
0-0: Foul Ball, location: 2F 0-1: Ball 1-1: Ball 2-1: Ball 3-1: Base on Balls
|
|
Batting: RHB David Stokes
|
0-0: Called Strike 0-1: Ball Steven Malito is caught stealing 2nd base 2-4
|
| Top of the 5th over - 0 runs, 0 hits, 0 errors, 0 left on base; Peninsula 2 - Winston-Salem 0 |
| BOTTOM OF THE 5TH |
|
Winston-Salem Spirits batting - Pitching for Peninsula Panthers : RHP Oil Can Boyd
|
|
Batting: RHB Brad Fischer
|
0-0: Ground out 4-3 (Groundball, 4, EV 89.4 MPH)
|
|
Batting: RHB Ell Roberson
|
0-0: Fly out, F9 (Flyball, 9LD, EV 81.9 MPH)
|
|
Batting: RHB Venson Davis
|
0-0: Called Strike 0-1: Swinging Strike 0-2: Ball 1-2: Ball 2-2: Fly out, F7 (Flyball, 78XD, EV 103.1 MPH)
|
| Bottom of the 5th over - 0 runs, 0 hits, 0 errors, 0 left on base; Peninsula 2 - Winston-Salem 0 |
| TOP OF THE 6TH |
|
Peninsula Panthers batting - Pitching for Winston-Salem Spirits : LHP Michael Smith
|
|
Batting: RHB David Stokes
|
0-0: Ball 1-0: Swinging Strike 1-1: Foul Ball, location: 2F 1-2: Ball 2-2: Ball 3-2: TRIPLE (Flyball, 78XD, EV 100.6 MPH)
|
|
Batting: RHB Lawrence McGee
|
0-0: Ball 1-0: Ball 2-0: Ball 3-0: Called Strike 3-1: Called Strike 3-2: Foul Ball, location: 2F 3-2: Foul Ball, location: 2F 3-2: Base on Balls
|
|
Batting: SHB Romel Beck
|
0-0: Ball 1-0: Called Strike 1-1: Called Strike 1-2: Ball 2-2: Fly out, F9 (Flyball, 9, EV 86.3 MPH) Runner from 3rd tags up, OUT at HOME! 9-2 Lawrence McGee to second
|
|
Batting: LHB Randy Harvey
|
0-0: Called Strike 0-1: Ball 1-1: Ball 2-1: Foul Ball, location: 2F 2-2: Ball Wild Pitch! Lawrence McGee to third 3-2: Fly out, F9 (Flyball, 89D, EV 87.5 MPH)
|
| Top of the 6th over - 0 runs, 1 hit, 0 errors, 1 left on base; Peninsula 2 - Winston-Salem 0 |
| BOTTOM OF THE 6TH |
|
Winston-Salem Spirits batting - Pitching for Peninsula Panthers : RHP Oil Can Boyd
|
|
Batting: RHB Kelly Miller
|
0-0: Foul Ball, location: 2F 0-1: Foul Ball, location: 2F 0-2: Ball 1-2: Ball 2-2: Foul Ball, location: 2F 2-2: Ball 3-2: Base on Balls
|
|
Batting: SHB Frank Diaz
|
0-0: Bunted foul 0-1: Ball 1-1: Bunted foul 1-2: Fly out, F5 (Popup, 5SF, EV 40.0 MPH)
|
|
Batting: SHB Jim Thomas
|
0-0: Called Strike 0-1: Fielders Choice at 2nd, 6-4 (Groundball, 6, EV 107.5 MPH)
|
|
Batting: SHB Danny Montero
|
0-0: Called Strike 0-1: Called Strike 0-2: Ball 1-2: Foul Ball, location: 2F 1-2: Strikes out swinging
|
| Bottom of the 6th over - 0 runs, 0 hits, 0 errors, 1 left on base; Peninsula 2 - Winston-Salem 0 |
| TOP OF THE 7TH |
|
Peninsula Panthers batting - Pitching for Winston-Salem Spirits : LHP Michael Smith
|
|
Batting: RHB David Stevens
|
0-0: Ball 1-0: Ball 2-0: Ball 3-0: Base on Balls
|
|
Batting: RHB Franklin McKinney
|
0-0: Ball 1-0: Ball 2-0: SINGLE (Line Drive, 8RS, EV 97.5 MPH) David Stevens to second
|
|
Batting: SHB Vince Coleman
|
0-0: Foul Ball, location: 2F 0-1: Ball 1-1: Ball 2-1: Fly out, F5 (Line Drive, 5, EV 75.6 MPH)
|
|
Pitching: LHP Michael Yesenchak
|
|
|
Batting: RHB Dan Cox
|
0-0: Swinging Strike 0-1: Ball Balk! David Stevens to third Franklin McKinney to second 1-1: Fly out, F7 (Flyball, 78D, EV 80.0 MPH) Runner from 3rd tags up, SCORES, throw by LF Franklin McKinney to third
|
|
Batting: SHB Steven Malito
|
0-0: Foul Ball, location: 2F 0-1: Ground out 4-3 (Groundball, 4, EV 86.9 MPH)
|
| Top of the 7th over - 1 run, 1 hit, 0 errors, 1 left on base; Peninsula 3 - Winston-Salem 0 |
| BOTTOM OF THE 7TH |
|
Winston-Salem Spirits batting - Pitching for Peninsula Panthers : RHP Oil Can Boyd
|
|
Batting: RHB Jeffrey Smith
|
0-0: Ball 1-0: Foul Ball, location: 2F 1-1: Swinging Strike 1-2: Ball 2-2: DOUBLE (Flyball, 89XD, EV 99.4 MPH)
|
|
Batting: RHB Larry Reasonover
|
0-0: Ball 1-0: Ball 2-0: Ground out 6-3 (Groundball, 6, EV 102.5 MPH)
|
|
Batting: RHB Brad Fischer
|
0-0: Called Strike 0-1: Called Strike 0-2: Ball 1-2: Ball 2-2: Ball 3-2: Fly out, F8 (Flyball, 8LM, EV 93.8 MPH)
|
|
Batting: RHB Ell Roberson
|
0-0: Called Strike 0-1: Ball 1-1: Foul Ball, location: 2F 1-2: Ball 2-2: Ground out 3-1 (Groundball, 34S, EV 79.4 MPH)
|
| Bottom of the 7th over - 0 runs, 1 hit, 0 errors, 1 left on base; Peninsula 3 - Winston-Salem 0 |
| TOP OF THE 8TH |
|
Peninsula Panthers batting - Pitching for Winston-Salem Spirits : LHP Michael Yesenchak
|
|
Batting: RHB David Stokes
|
0-0: Called Strike 0-1: Called Strike 0-2: Ground out 1-3 (Groundball, 13S, EV 74.4 MPH)
|
|
Batting: RHB Lawrence McGee
|
0-0: Ball 1-0: Ball 2-0: SINGLE (Groundball, 6MD, EV 96.3 MPH)
|
|
Batting: SHB Romel Beck
|
0-0: Ball 1-0: Foul Ball, location: 2F 1-1: Foul Ball, location: 2F 1-2: Foul Ball, location: 2F 1-2: SINGLE (Groundball, 6D, EV 98.8 MPH) Lawrence McGee to second
|
|
Batting: LHB Randy Harvey
|
0-0: Ball 1-0: Called Strike 1-1: Swinging Strike 1-2: Ball 2-2: 3-RUN HOME RUN (Flyball, 89XD, EV 100.0 MPH), Distance : 385 ft
|
|
Pitching: RHP Rusty Shelton
|
|
|
Batting: RHB David Stevens
|
0-0: Ball 1-0: Ball 2-0: Swinging Strike 2-1: Ball 3-1: Base on Balls
|
|
Batting: RHB Franklin McKinney
|
0-0: Ball Wild Pitch! David Stevens to second 1-0: Ball 2-0: Called Strike 2-1: Called Strike 2-2: Ball 3-2: Ground out 5-3 (Groundball, 56S, EV 86.3 MPH)
|
|
Batting: SHB Vince Coleman
|
0-0: Ball 1-0: Ball 2-0: Ball 3-0: Base on Balls
|
|
Batting: RHB Dan Cox
|
0-0: Ball 1-0: Foul Ball, location: 2F 1-1: Reached on error, E2 (Groundball, 2L, EV 63.1 MPH) David Stevens to third Vince Coleman to second
|
|
Batting: SHB Steven Malito
|
0-0: Ball 1-0: Foul Ball, location: 2F 1-1: Swinging Strike 1-2: Ball 2-2: Foul Ball, location: 2F 2-2: SINGLE (Line Drive, 8RS, EV 94.4 MPH) David Stevens scores Vince Coleman to third Dan Cox to second Runner from 3rd tries for Home, SAFE, throw by CF to home
|
|
Batting: RHB David Stokes
|
0-0: Ball 1-0: Fielders Choice at 2nd, 6-4 (Groundball, 6, EV 80.6 MPH)
|
| Top of the 8th over - 5 runs, 4 hits, 1 error, 2 left on base; Peninsula 8 - Winston-Salem 0 |
| BOTTOM OF THE 8TH |
|
Winston-Salem Spirits batting - Pitching for Peninsula Panthers : RHP Oil Can Boyd
|
|
Batting: RHB Venson Davis
|
0-0: Swinging Strike 0-1: Swinging Strike 0-2: Strikes out swinging
|
|
Batting: RHB Kelly Miller
|
0-0: Ball 1-0: Foul Ball, location: 2F 1-1: SINGLE (Line Drive, 4MD, EV 99.4 MPH)
|
|
Batting: SHB Frank Diaz
|
0-0: Ball 1-0: SINGLE (Groundball, 34D, EV 100.6 MPH) Kelly Miller to second
|
|
Batting: SHB Jim Thomas
|
0-0: Called Strike 0-1: Ball 1-1: Foul Ball, location: 2F 1-2: Ball 2-2: Foul Ball, location: 2F 2-2: Ball 3-2: Foul Ball, location: 2F 3-2: Fielders Choice at 2nd, 5-4 (Groundball, 56, EV 83.1 MPH) Kelly Miller to third
|
|
Pinch Hitting: RHB Paul Niggebrugge
|
0-0: Ball 1-0: Fly out, F8 (Line Drive, 8LD, EV 92.5 MPH)
|
| Bottom of the 8th over - 0 runs, 2 hits, 0 errors, 2 left on base; Peninsula 8 - Winston-Salem 0 |
| TOP OF THE 9TH |
|
Peninsula Panthers batting - Pitching for Winston-Salem Spirits : RHP Rusty Shelton
|
|
Now in RF: Paul Niggebrugge
|
|
|
Batting: RHB Lawrence McGee
|
0-0: Ground out 6-3 (Groundball, 6, EV 88.8 MPH)
|
|
Batting: SHB Romel Beck
|
0-0: Ground out 3-1 (Groundball, 34S, EV 78.8 MPH)
|
|
Batting: LHB Randy Harvey
|
0-0: Ground out 4-3 (Groundball, 4D, EV 105.0 MPH)
|
| Top of the 9th over - 0 runs, 0 hits, 0 errors, 0 left on base; Peninsula 8 - Winston-Salem 0 |
| BOTTOM OF THE 9TH |
|
Winston-Salem Spirits batting - Pitching for Peninsula Panthers : RHP Oil Can Boyd
|
|
Pinch Hitting: LHB Grant Alpaugh
|
0-0: Ball 1-0: Foul Ball, location: 2F 1-1: Called Strike 1-2: Strikes out swinging
|
|
Batting: RHB Larry Reasonover
|
0-0: Ground out 4-3 (Groundball, 4, EV 83.1 MPH)
|
|
Batting: RHB Brad Fischer
|
0-0: Fly out, F4 (Popup, 4M, EV 51.9 MPH)
|
| Bottom of the 9th over - 0 runs, 0 hits, 0 errors, 0 left on base; Peninsula 8 - Winston-Salem 0 |
|